Celery, chaotic female sylph Rogue ------------- |.....).....| .......<..... |...........| |............ -.----------- #### # ## -----.------ |..Ea..)...| |...a....%>| |......d)... |.....)....| |..........| ------------ Celery the Cutpurse Experience level: 5 Strength: 15 Dexterity: 19 Constitution: 13 Intelligence: 11 Wisdom: 11 Charisma: 9 Health: 0(38) Energy: 28(28) Def: 0 Gold: 0 Moves: 2758 Dungeon seed: m-uKhiNX7uHoGFki Game ID: Celery_1471111395 Your Inventory: Weapons a - an uncursed +0 short sword (alternate weapon; not wielded) b - an uncursed very corroded +0 dagger named Bone Thruster (weapon in hand) m - 7 uncursed +0 daggers (in quiver) Armor e - an uncursed +1 leather armor Scrolls k - a blessed scroll of identify Potions B - a blessed potion of paralysis Wands h - a blessed wand of opening (0:2) p - an uncursed wand of enlightenment (0:11) q - a blessed wand of cold (0:7) A - an uncursed wand of undead turning (0:4) K - an uncursed wand of opening (0:6) Tools d - an uncursed lock pick f - an uncursed skeleton key g - an uncursed blindfold s - an uncursed sack w - an uncursed magic whistle Gems n - an uncursed worthless piece of blue glass r - an uncursed jet stone y - an uncursed worthless piece of violet glass Contents of the sack: 793 gold pieces an uncursed scroll of enchant armor a blessed scroll of identify an uncursed scroll of identify an uncursed scroll of light 2 uncursed scrolls of scare monster an uncursed spellbook of remove curse an uncursed potion of confusion a cursed potion of confusion a blessed potion of full healing an uncursed potion of gain ability an uncursed potion of gain energy an uncursed potion of healing an uncursed potion of sickness an uncursed potion of sleeping Spells and supernatural/magical abilities: Name Level Category Fail Memory W - pray for help -- divine ? -- Your skills at the end: Miscellaneous Skills wands [Basic] Weapon Skills dagger [Skilled] short sword [Basic] Spellcasting Skills healing spells [Basic] Final Attributes: You were piously aligned. You saw invisible. You had infravision. You were stealthy. You were protected from shape changers. You are dead. Vanquished creatures: a dingo a rock piercer a pony a black naga hatchling 4 giant ants a floating eye 3 iguanas 2 acid blobs a large kobold a hobgoblin a cave spider a yellow mold a green mold 2 gnomes 2 manes a gnome zombie 5 jackals 2 kobolds 8 newts a goblin 3 sewer rats 5 grid bugs 3 lichens a kobold zombie 52 creatures vanquished. Voluntary challenges: You were vegetarian. You had followed a strict vegan diet until turn 2708. You did not adorn yourself with jewelry or accessories. You used a wielded weapon 88 times, starting on turn 22. You did not apply a unicorn horn. You read items or engraved 6 times, starting on turn 570. You never genocided any monsters. You never polymorphed an object. You never changed form. You used no wishes. You never split a pudding. You never wrote Elbereth's name. You never violated your personal moral code. Dungeon overview: The Dungeons of Doom: levels 1 to 8 Level 1 a fountain a long staircase Level 2 a fountain Level 3 a long staircase Level 4 Level 5 a fountain Level 6 a fountain Level 7 <- You were here Level 8 an altar to Kos, a fountain History has recorded: On T:1 you entered the Dungeons of Doom to retrieve the Amulet of Yendor! On T:265 you reached level 2 of The Dungeons of Doom. On T:882 you advanced to experience level 2. On T:934 you reached level 3 of The Dungeons of Doom. On T:1189 you advanced to experience level 3. On T:1340 you reached level 4 of The Dungeons of Doom. On T:1790 you reached level 5 of The Dungeons of Doom. On T:2166 you advanced to experience level 4. On T:2325 you reached level 6 of The Dungeons of Doom. On T:2678 you reached level 7 of The Dungeons of Doom. On T:2706 you advanced to experience level 5. Score breakdown: Gold: 793 ( 79 points) Experience: 5 levels ( 400 points) Exploration: 8 levels ( 210 points) Discoveries: 4 items ( 200 points) Variety of kills: 24 monsters ( 1200 points) Major goal: (nothing yet) ( 0 points) Survival: died (score multiplied by 3) Total score: 6267 Latest messages: You drop a black naga hatchling corpse. Your movements are now unencumbered. The giant ant bites! (6x) The giant ant bites God. God misses the giant ant. You throw 2 daggers. The 1st dagger hits the giant ant. The 2nd dagger hits something! You kill the giant ant! The giant ant bites! The giant ant misses God. God misses the giant ant. The giant ant bites! The giant ant misses God. God misses the giant ant. The giant ant bites God. The giant ant bites! The dagger hits the giant ant. The giant ant bites! (2x) God picks up 2 uncursed +0 daggers. The giant ant bites! (2x) God drops 2 uncursed +0 daggers. The giant ant bites! (2x) You die... Final status: Goodbye Celery the Rogue, killed by a giant ant... You died in The Dungeons of Doom on dungeon level 7 with 6267 points, and 793 pieces of gold, after 2758 moves. You were level 5 with a maximum of 38 hit points when you died.